Map: [ESL] Ghost River

Players

GunGFuBanDa

  • Race: Protoss Protoss
  • Spawn Location: 11:00

goblin - Winner!

  • Race: Protoss Protoss
  • Spawn Location: 1:00

Event: ESL SC2 Masters 2024 Spring (Regional)

VOD

Have the link to the VOD?

Description

Time

  • Played on: April 27, 2024, 9:54 a.m.
  • Length: 20:16

All games in this series

Show
View Real Time Build Order
Export as new Build Order

GunGFuBanDa Protoss 

Build Orders: Blink Stalkers 

Get SALT Encoding   

  12  0:00  Probe  
  13  0:12  Probe  
  14  0:17  Pylon  
  14  0:24  Probe (Chrono Boost)  
  15  0:36  Probe (Chrono Boost), Gateway  
  16  0:44  Probe (Chrono Boost)  
  16  0:46  Assimilator  
  17  0:51  Probe  
  17  0:54  Assimilator  
  18  1:03  Probe (Chrono Boost)  
  19  1:07  Gateway  
  19  1:13  Probe (Chrono Boost)  
  19  1:18  Probe (Chrono Boost)  
  20  1:24  Cybernetics Core  
  21  1:29  Probe  
  22  1:34  Pylon  
  22  1:41  Probe  
  23  1:53  Probe  
  24  2:00  Sentry, Stalker  
  24  2:01  Warp Gate  
  28  2:05  Probe  
  29  2:13  Pylon  
  29  2:17  Probe  
  30  2:36  Nexus  
  30  2:38  Sentry  
  30  2:41  Sentry  
  30  2:44  Probe (Chrono Boost)  
  35  2:55  Probe (Chrono Boost)  
  36  3:00  Probe (Chrono Boost)  
  36  3:02  Twilight Council  
  37  3:07  Pylon  
  37  3:10  Probe (Chrono Boost)  
  38  3:22  Probe (Chrono Boost)  
  39  3:29  Probe (Chrono Boost)  
  40  3:36  Probe  
  40  3:37  Blink (Chrono Boost)  
  41  3:48  Probe x2  
  41  3:50  Adept x2  
  47  4:00  Probe  
  47  4:01  Probe  
  49  4:12  Stalker x2, Probe  
  49  4:13  Probe  
  54  4:25  Probe x2  
  54  4:26  Shield Battery  
  54  4:27  Robotics Facility  
  56  4:37  Probe x2  
  56  4:38  Stalker x2  
  56  4:41  Shield Battery  
  56  4:52  Probe  
  55  4:56  Probe  
  54  5:01  Pylon, Assimilator  
  54  5:04  Probe  
  54  5:05  Stalker  
  54  5:06  Stalker  
  59  5:11  Observer  
  59  5:20  Pylon  
  60  5:22  Nexus  
  60  5:27  Probe  
  60  5:28  Probe  
  62  5:31  Observer  
  63  5:35  Stalker  
  63  5:36  Stalker  
  63  5:39  Probe  
  63  5:40  Probe  
  69  5:50  Shield Battery  
  69  5:51  Probe  
  69  5:53  Probe  
  69  5:54  Pylon  
  71  5:57  Forge  
  71  6:04  Phoenix, Stalker x2, Probe  
  74  6:05  Pylon, Probe  
  74  6:11  Pylon  
  77  6:12  Observer  
  77  6:16  Probe  
  77  6:17  Probe  
  80  6:23  Gateway  
  80  6:24  Gateway  
  80  6:26  Gateway  
  80  6:28  Probe  
  80  6:29  Protoss Ground Weapons Level 1 (Chrono Boost), Probe  
  80  6:31  Sentry  
  84  6:35  Stalker  
  84  6:36  Probe  
  87  6:40  Assimilator  
  87  6:44  Probe  
  87  6:46  Pylon, Probe  
  89  6:49  Shield Battery  
  89  6:55  Stalker  
  89  6:56  Shield Battery  
  91  7:07  Zealot  
  84  7:12  Immortal (Chrono Boost)  
  84  7:13  Probe  
  84  7:16  Shield Battery  
  84  7:17  Probe x2  
  83  7:23  Zealot x3, Stalker  
  88  7:30  Stalker  
  88  7:34  Probe  
  89  7:41  Immortal (Chrono Boost)  
  89  7:43  Stalker x3  
  97  7:49  Stalker  
  99  7:57  Zealot  
  94  8:06  Zealot  
  94  8:07  Zealot x2  
  94  8:12  Immortal (Chrono Boost)  
  79  8:16  Stalker  
  70  8:21  Stalker  
  70  8:22  Probe x2  
  75  8:27  Observer  
  75  8:31  Nexus  
  74  8:36  Stalker x3  
  80  8:42  Robotics Bay  
  80  8:49  Sentry  
  80  8:51  Probe x2  
  80  8:53  Assimilator  
  84  9:08  Pylon, Adept  
  84  9:09  Adept  
  88  9:11  Stalker x2  
  88  9:16  Pylon  
  92  9:20  Stalker  
  92  9:36  Observer  
  92  9:43  Disruptor (Chrono Boost)  
  92  9:44  Protoss Ground Weapons Level 2 (Chrono Boost)  
  92  9:46  Observer, Stalker x3  
  92  9:49  Stalker  
  92  9:50  Observer  
  100  10:03  Gateway  
  100  10:13  Observer  
  100  10:14  Stalker x3  
  104  10:16  Stalker  
  104  10:19  Probe  
  93  10:31  Disruptor (Chrono Boost)  
  93  10:36  Assimilator  
  93  10:37  Pylon  
  93  10:39  Photon Cannon  
  93  10:44  Stalker  
  93  10:45  Stalker x2  
  93  10:49  Adept x2  
  102  10:52  Shield Battery  
  102  10:54  Shield Battery  
  102  11:00  Pylon, Stalker  
  104  11:04  Disruptor (Chrono Boost)  
  104  11:08  Observer  
  106  11:14  Nexus  
  106  11:21  Stalker x4  
  111  11:30  Disruptor (Chrono Boost)  
  111  11:49  Stalker x6  
  115  12:06  Disruptor (Chrono Boost)  
  111  12:12  Observer  
  104  12:17  Stalker x3  
  104  12:18  Stalker x3  
  110  12:32  Observer (Chrono Boost)  
  110  12:33  Nexus  
  110  12:34  Pylon  
  110  12:36  Probe x2  
  113  12:45  Stalker x3  
  113  12:46  Stalker  
  113  12:47  Stalker x2  
  125  12:52  Pylon  
  125  12:56  Disruptor (Chrono Boost)  
  125  13:02  Protoss Ground Weapons Level 3 (Chrono Boost), Shield Battery x2  
  129  13:19  Probe  
  130  13:22  Shield Battery  
  130  13:23  Photon Cannon  
  130  13:28  Photon Cannon  
  130  13:32  Pylon  
  130  13:47  Observer  
  129  13:51  Probe (Chrono Boost)  
  129  13:53  Probe (Chrono Boost)  
  126  14:00  Disruptor (Chrono Boost)  
  131  14:03  Nexus  
  131  14:04  Probe (Chrono Boost)  
  131  14:06  Sentry, Stalker x3  
  131  14:08  Probe (Chrono Boost)  
  139  14:22  Stalker x2  
  143  14:28  Charge (Chrono Boost)  
  144  14:31  Dark Shrine, Probe  
  144  14:33  Disruptor (Chrono Boost)  
  144  14:38  Photon Cannon  
  148  14:39  Probe x2  
  148  14:43  Probe  
  151  14:52  Stalker x4  
  155  15:01  Observer (Chrono Boost)  
  151  15:07  Observer  
  151  15:16  Assimilator, Observer (Chrono Boost)  
  150  15:26  Observer, Stalker x6  
  156  15:43  Protoss Ground Armor Level 1  
  156  15:50  Zealot x6  
  166  16:07  Observer, Shield Battery  
  161  16:14  Dark Templar x2  
  161  16:15  Zealot x3, Dark Templar  
  142  16:28  Probe x2 (Chrono Boost)  
  136  16:40  Probe x2 (Chrono Boost)  
  136  16:41  Probe (Chrono Boost)  
  136  16:45  Probe (Chrono Boost)  
  136  16:46  Photon Cannon  
  135  16:49  Stalker x5  
  135  16:50  Probe (Chrono Boost)  
  146  16:58  Probe x3  
  146  17:00  Probe  
  144  17:10  Probe x2  
  144  17:11  Zealot  
  142  17:16  Zealot x5, Disruptor (Chrono Boost)  
  152  17:36  Dark Templar  
  147  17:40  Observer (Chrono Boost)  
  147  17:43  Zealot x3  
  147  17:44  Zealot x2  
  127  18:05  Disruptor (Chrono Boost)  
  127  18:06  Photon Cannon  
  125  18:13  Zealot x6  
  111  18:37  Stalker x5  
  113  18:42  Stalker  
  111  19:00  Zealot x5  
  117  19:05  Robotics Facility  
  115  19:20  Stalker x5  
  125  19:25  Stalker  
  81  19:55  Stalker x6  
Show
View Real Time Build Order
Export as new Build Order

goblin Protoss - Winner!

Build Orders: Phoenix Opening, Zealot Archon 

Get SALT Encoding   

  12  0:00  Probe  
  13  0:12  Probe  
  14  0:17  Pylon  
  14  0:24  Probe (Chrono Boost)  
  15  0:36  Probe (Chrono Boost)  
  15  0:37  Gateway  
  16  0:45  Assimilator, Probe (Chrono Boost)  
  17  0:50  Probe  
  17  0:53  Assimilator  
  18  1:03  Probe (Chrono Boost)  
  19  1:06  Gateway  
  19  1:12  Probe (Chrono Boost)  
  19  1:17  Probe (Chrono Boost)  
  20  1:24  Cybernetics Core  
  21  1:29  Probe  
  21  1:31  Pylon  
  22  1:41  Probe  
  23  1:53  Probe  
  24  2:01  Sentry, Stalker, Warp Gate  
  24  2:05  Probe  
  29  2:08  Pylon  
  29  2:17  Probe  
  30  2:29  Probe  
  33  2:33  Phoenix  
  31  2:38  Nexus  
  31  2:42  Sentry x2  
  35  2:45  Probe  
  36  2:57  Robotics Facility  
  36  2:58  Probe  
  37  3:03  Pylon  
  37  3:10  Probe  
  38  3:22  Probe (Chrono Boost)  
  39  3:31  Probe (Chrono Boost)  
  40  3:36  Probe (Chrono Boost)  
  40  3:40  Twilight Council  
  40  3:41  Warp Prism (Chrono Boost)  
  44  3:48  Probe  
  44  3:50  Probe  
  44  3:54  Adept x2  
  49  4:02  Probe (Chrono Boost)  
  51  4:05  Probe (Chrono Boost)  
  51  4:10  Immortal  
  51  4:14  Probe (Chrono Boost)  
  51  4:15  Probe (Chrono Boost)  
  57  4:19  Dark Shrine  
  57  4:22  Probe  
  58  4:24  Probe  
  59  4:34  Probe  
  59  4:38  Adept x2  
  62  4:40  Probe  
  62  4:48  Probe  
  62  4:52  Probe  
  61  4:55  Nexus  
  61  5:00  Probe  
  62  5:08  Pylon  
  62  5:13  Phoenix  
  62  5:18  Assimilator  
  62  5:19  Assimilator  
  62  5:20  Pylon  
  62  5:23  Immortal (Chrono Boost)  
  62  5:26  Probe x2  
  62  5:27  Shield Battery  
  68  5:31  Blink (Chrono Boost)  
  68  5:36  Gateway  
  68  5:37  Gateway  
  68  5:38  Probe  
  68  5:40  Probe  
  70  5:50  Probe  
  70  5:53  Probe  
  70  5:56  Immortal (Chrono Boost)  
  72  6:02  Probe  
  77  6:07  Dark Templar x2  
  82  6:11  Probe x2  
  82  6:14  Archon, Probe, Gateway  
  82  6:15  Pylon  
  84  6:23  Probe x2  
  84  6:24  Pylon, Observer  
  86  6:26  Probe  
  86  6:31  Stalker x2  
  92  6:36  Probe x2  
  92  6:38  Probe  
  92  6:39  Stalker  
  97  6:41  Dark Templar  
  97  6:42  Observer  
  100  6:52  Pylon x2  
  100  6:54  Probe x2  
  101  7:00  Probe  
  99  7:06  Probe x2  
  91  7:11  Stalker  
  91  7:12  Stalker x3, Probe  
  91  7:15  Observer  
  100  7:18  Probe x2  
  97  7:34  Pylon x2, Assimilator  
  97  7:36  Assimilator, Immortal  
  100  7:38  Probe  
  100  7:40  Stalker x5  
  111  7:44  Forge  
  107  7:59  Probe  
  107  8:04  Stalker  
  107  8:05  Stalker x4  
  108  8:13  Probe x2  
  108  8:14  Protoss Ground Weapons Level 1 (Chrono Boost)  
  108  8:15  Probe  
  97  8:21  Observer  
  97  8:25  Probe x2  
  100  8:27  Probe  
  100  8:28  Pylon, Nexus  
  101  8:37  Probe  
  102  8:41  Warp Prism (Chrono Boost)  
  102  8:43  Stalker x5  
  114  8:50  Gateway x2  
  114  8:53  Gateway  
  114  8:54  Probe x2  
  116  8:55  Probe  
  115  9:06  Probe  
  115  9:08  Stalker  
  115  9:09  Stalker x4  
  126  9:15  Probe, Forge  
  126  9:16  Probe  
  128  9:18  Shadow Stride  
  128  9:23  Observer  
  128  9:26  Protoss Ground Armor Level 1 (Chrono Boost)  
  122  9:35  Stalker x5  
  125  9:40  Probe  
  125  9:41  Observer  
  125  9:42  Protoss Ground Weapons Level 2 (Chrono Boost)  
  125  9:44  Probe x2  
  124  9:46  Charge (Chrono Boost)  
  124  9:51  Probe  
  123  10:00  Stalker  
  123  10:04  Stalker x6  
  123  10:05  Stalker  
  139  10:12  Photon Cannon  
  139  10:13  Photon Cannon  
  139  10:14  Photon Cannon  
  119  10:34  Stalker x8  
  129  10:39  Gateway  
  129  10:40  Gateway  
  129  10:42  Probe  
  130  10:52  Warp Prism (Chrono Boost)  
  130  11:00  Nexus  
  130  11:01  Protoss Shields Level 1 (Chrono Boost)  
  130  11:04  Pylon  
  130  11:15  Stalker x4  
  134  11:31  Probe  
  134  11:32  Photon Cannon  
  135  11:34  Shield Battery, Probe  
  135  11:35  Pylon  
  135  11:38  Zealot x8  
  135  11:39  Zealot x2  
  156  11:42  Probe x2  
  156  11:49  Protoss Ground Weapons Level 3 (Chrono Boost)  
  154  12:08  Stalker x10  
  138  12:16  Warp Prism (Chrono Boost)  
  138  12:18  Probe x4  
  132  12:37  Robotics Facility  
  132  12:38  Photon Cannon  
  132  12:41  Robotics Bay  
  132  12:48  Protoss Ground Armor Level 2 (Chrono Boost)  
  132  12:52  Zealot x3  
  132  12:53  Zealot x7  
  152  13:00  Observer (Chrono Boost)  
  152  13:02  Pylon, Gateway x2  
  150  13:17  Observer (Chrono Boost)  
  151  13:32  Disruptor (Chrono Boost)  
  154  13:35  Zealot x2, Observer (Chrono Boost)  
  154  13:40  Dark Templar x7  
  154  13:41  Dark Templar  
  174  13:46  Disruptor  
  160  13:53  Stalker x3  
  160  13:54  Stalker x4  
  160  13:55  Warp Prism  
  176  14:01  Gateway  
  176  14:02  Pylon, Protoss Shields Level 2 (Chrono Boost)  
  174  14:04  Gateway  
  158  14:19  Stalker x2  
  158  14:22  Zealot x10, Disruptor (Chrono Boost)  
  186  14:26  Probe x2  
  186  14:28  Disruptor (Chrono Boost)  
  191  14:35  Nexus  
  191  14:37  Pylon  
  191  14:43  Zealot x2  
  193  14:47  Pylon  
  193  14:49  Warp Prism (Chrono Boost)  
  195  14:53  Observer  
  172  15:09  Stalker x14  
  172  15:13  Photon Cannon  
  200  15:15  Photon Cannon, Protoss Ground Armor Level 3 (Chrono Boost)  
  200  15:18  Assimilator, Photon Cannon  
  200  15:20  Assimilator  
  194  15:23  Disruptor  
  190  16:01  Dark Templar x5  
  198  16:17  Observer  
  192  16:25  Zealot x3, Dark Templar x2  
  139  16:28  Stalker x2  
  139  16:29  Stalker x2  
  139  16:31  Disruptor (Chrono Boost)  
  153  16:32  Disruptor (Chrono Boost)  
  153  16:36  Protoss Shields Level 3 (Chrono Boost)  
  151  16:44  Zealot  
  151  16:45  Zealot x4  
  161  16:54  Probe  
  161  17:01  Stalker x5  
  160  17:04  Observer  
  158  17:09  Zealot x2  
  158  17:10  Zealot x2, Stalker x3  
  158  17:13  Assimilator  
  158  17:14  Assimilator  
  170  17:19  Stalker  
  170  17:20  Stalker  
  174  17:26  Zealot x5  
  182  17:36  Stalker x6  
  190  17:42  Observer x2  
  175  18:00  Observer x2  
  175  18:01  Observer  
  151  18:19  Zealot x7  
  159  18:20  Zealot x3, Stalker  
  159  18:21  Zealot x2, Disruptor x2  
  150  18:44  Stalker x9  
  150  18:45  Zealot x5  
  174  18:53  Observer (Chrono Boost)  
  170  18:59  Assimilator  
  170  19:01  Assimilator  
  173  19:04  Disruptor (Chrono Boost)  
  173  19:06  Stalker x5  
  173  19:07  Stalker x2  
  173  19:08  Zealot x7  
  187  19:29  Observer  
  165  19:46  Zealot, Nexus  
  165  19:47  Zealot x10  
  165  19:48  Pylon  
  185  19:59  Photon Cannon  
  185  20:00  Pylon  
  185  20:01  Photon Cannon  
  185  20:02  Photon Cannon  
  185  20:04  Stalker x3  
Tags
 
Add a new tag
Caveats
  • Supply blocks, unpowered buildings, or Contaminate may cause inaccurate times.
  • Supply counts are checked every 10 seconds.